 Dungeon Crawl Stone Soup version 0.26.1-11-gd32895ea62 (webtiles) character file.

Game seed: 4156086891486096628

1064 Zeld the Cruncher (level 8, -5/50 HPs)
             Began as an Octopode Gladiator on May 19, 2021.
             Slain by an ice beast (7 damage)
             ... on level 5 of the Dungeon.
             The game lasted 00:08:19 (7268 turns).

Zeld the Cruncher (Octopode Gladiator)              Turns: 7268, Time: 00:08:19

Health: -5/50      AC:  1    Str: 13    XL:     8   Next: 27%
Magic:  8/8        EV: 14    Int: 10    God:
Gold:   189        SH:  0    Dex: 16    Spells: 7/7 levels left

rFire    . . .     SeeInvis .   a - +1 quarterstaff
rCold    . . .     Faith    .   (shield currently unavailable)
rNeg     . . .     Spirit   .   b - +0 hat
rPois    .         Reflect  .   (no amulet)
rElec    .         Harm     .   (no ring)
rCorr    .         Rampage  .   (no ring)
Will     .....                  (no ring)
Stlth    ++........             (no ring)
HPRegen  0.16/turn              (no ring)
MPRegen  0.11/turn              (no ring)
                                (no ring)
                                (no ring)

@: no status effects
A: almost no armour, stealthy swim, amphibious, 8 rings, constrict 8, camouflage
1, gelatinous body 1
a: no special abilities


You were on level 5 of the Dungeon.
You visited 1 branch of the dungeon, and saw 5 of its levels.

You collected 189 gold pieces.

Inventory:

Hand Weapons
 a - a +1 quarterstaff (weapon)
Missiles
 c - 3 throwing nets (quivered)
Armour
 b - a +0 hat (worn)
Jewellery
 d - an uncursed ring of flight {unknown}
Scrolls
 f - a scroll of fear
 i - 2 scrolls of remove curse
 r - 2 scrolls of teleportation {unknown}
 t - a scroll of enchant armour {unknown}
 u - 2 scrolls of magic mapping {unknown}
Potions
 g - a potion of attraction {unknown}
 h - 2 potions of degeneration {unknown}
 k - a potion of haste {unknown}
 l - a potion of invisibility {unknown}
 m - 3 potions of curing {unknown}
 n - a potion of berserk rage {unknown}
 q - a potion of flight {unknown}
 s - a potion of lignification {unknown}


   Skills:
 - Level 2.0 Fighting
 * Level 8.1 Staves
 - Level 6.0 Throwing
 - Level 3.0 Dodging


You had 7 spell levels left.
You didn't know any spells.
Your spell library was empty.

Dungeon Overview and Level Annotations

Branches:
Dungeon (5/15)
 Temple: D:4-7

Altars:
Qazlal


Innate Abilities, Weirdness & Mutations

You cannot wear most types of armour.
You are very stealthy in the water. (Stealth+)
You are amphibious.
You can wear up to eight rings at the same time.
You can use your tentacles to constrict eight enemies at once.
Your skin changes colour to match your surroundings (Stealth+).
Your rubbery body absorbs attacks. (AC +1, EV +1)


Message History

The ice beast hits you.
* * * LOW HITPOINT WARNING * * *
The ice beast freezes you!
* * * LOW HITPOINT WARNING * * *
There is an escape hatch in the ceiling here.
The ice beast barely misses you.
There is an open door here.
Things that are here:
a +0 dagger; a cursed +0 robe
Things that are here:
a +0 club; an orc corpse
Press: ? - help, v - describe, . - travel
Here: an ice beast (severely wounded)
The floor.
You see here a +0 hand axe.
There is a stone staircase leading up, spattered with blood here.
The ice beast hits you.
* * * LOW HITPOINT WARNING * * *
The ice beast freezes you!
You die...

#)######...#
#......'...#
#.######...#
#o#..)5....#
#.#.###....#
#.#5# #....#
#.#)# #.#'##
#.#.###.#.#
#.#.Y@#.#.#
#.#####.#.#
#.......#.#
#.#######.#
#.. #.# ..#
#.# ...# #.#
...># #.#
##..## #.#


You could see an ice beast.

Vanquished Creatures
  Grinder (D:5)
  2 ogres (D:4)
  A water moccasin skeleton (D:5)
  A howler monkey (D:4)
  2 orc priests (D:4)
  2 hounds
  7 orc wizards
  2 bullfrog skeletons (D:4)
  A worker ant (D:4)
  2 hound skeletons (D:4)
  4 gnolls (D:2)
  5 adders
  3 oozes
  2 adder skeletons (D:5)
  6 worms
  3 dart slugs
  A leopard gecko (D:1)
  5 orcs
  A ball python (D:1)
  4 giant cockroaches
  6 goblins
  7 hobgoblins
  6 jackals
  2 quokkas
  5 bats
  5 frilled lizards
  6 kobolds
  A leopard gecko skeleton (D:4)
  2 rats
95 creatures vanquished.

Vanquished Creatures (others)
  6 plants (D:5)
6 creatures vanquished.

Grand Total: 101 creatures vanquished

Notes
Turn   | Place    | Note
-------+----------+-------------------------------------------
     0 | D:1      | Zeld the Octopode Gladiator began the quest for the Orb.
     0 | D:1      | Reached XP level 1. HP: 14/14 MP: 1/1
   271 | D:1      | Reached XP level 2. HP: 16/19 MP: 2/2
   724 | D:1      | Reached XP level 3. HP: 24/24 MP: 3/3
  1385 | D:2      | Reached skill level 4 in Staves
  1385 | D:2      | Reached XP level 4. HP: 6/29 MP: 4/4
  2387 | D:2      | Reached XP level 5. HP: 32/34 MP: 5/5
  2618 | D:3      | Found a stormy altar of Qazlal.
  3471 | D:4      | Noticed an ogre
  3598 | D:4      | Noticed an ogre
  3966 | D:4      | Reached skill level 5 in Staves
  3966 | D:4      | Reached XP level 6. HP: 34/39 MP: 6/6
  4017 | D:4      | Noticed an ice beast
  4476 | D:4      | Reached skill level 5 in Throwing
  4516 | D:4      | Reached XP level 7. HP: 22/45 MP: 7/7
  4799 | D:4      | Reached skill level 6 in Staves
  5976 | D:5      | Entered Level 5 of the Dungeon
  6009 | D:5      | Noticed Grinder
  6026 | D:5      | Paralysed by Grinder for 4 turns
  6614 | D:5      | Killed Grinder
  6615 | D:5      | Reached skill level 7 in Staves
  6615 | D:5      | Reached XP level 8. HP: 19/50 MP: 8/8
  6970 | D:5      | Reached skill level 8 in Staves
  7242 | D:5      | HP: 1/50 [ice beast (8)]
  7268 | D:5      | HP: 2/50 [ice beast (3)]
  7268 | D:5      | Slain by an ice beast

Illustrated notes

Levels and vault maps discovered:
D:1:      erik_arrival_orb_chamber, layout_loops_ring, minmay_tall_x
D:2:      layout_basic, serial_aquarium, aquarium_bridge_straight
          [aquarium_subvault_bridge, aquarium_subvault_wall,
          aquarium_subvault_bridge, aquarium_subvault_wall],
          aquarium_bridge_straight [aquarium_subvault_bridge,
          aquarium_subvault_window, aquarium_subvault_bridge,
          aquarium_subvault_wall], aquarium_window_2, aquarium_window_1,
          aquarium_view_2f, aquarium_pool_1
D:3:      layout_loops_cross, grunt_qazlal_sundering
D:4:      layout_loops_cross
D:5:      layout_basic, serial_shops, nicolae_shop_overgrown_old_shop,
          minmay_misc_feat_rugged, uniq_grinder

Skill      XL: |  1  2  3  4  5  6  7  8 |
---------------+-------------------------+-----
Throwing       | 3 4 5 6 |  6.0
Staves         | 4 5 7 8 |  8.1
Fighting       | |  2.0
Dodging        | |  3.0

Action                   |  1- 3 |  4- 6 |  7- 9 || total
-------------------------+-------+-------+-------++-------
Melee: Quarterstaff      |    61 |    96 |    84 ||   241
       Tentacles         |    11 |    27 |    22 ||    60
       Constrict         |    17 |    25 |    21 ||    63
Throw: Throwing net      |       |     1 |       ||     1
  Use: Scroll            |       |       |     8 ||     8
 Stab: Sleeping          |     2 |     3 |     1 ||     6
       Distracted        |       |     1 |       ||     1
Armor: Skin              |     2 |     4 |     1 ||     7
Dodge: Dodged            |    63 |    66 |    38 ||   167
